 Dungeon Crawl Stone Soup version 0.30.1-4-g462c640d31 (webtiles) character file.

Game seed: 13878588068721172084

543 HagarQim the Chiller (level 7, 0/37 HPs)
             Began as a Deep Elf Ice Elementalist on Aug 18, 2023.
             Slain by a wight
             ... wielding a +3 scimitar
              (15 damage)
             ... on level 5 of the Dungeon.
             The game lasted 00:16:12 (3627 turns).

HagarQim the Chiller (Deep Elf Ice Elementalist)    Turns: 3627, Time: 00:16:12

Health: 0/37       AC: 13    Str:  5    XL:     7   Next: 6%
Magic:  6/18       EV: 13    Int: 28    God:
Gold:   189        SH:  0    Dex: 15    Spells: 11/18 levels left

rFire   . . .        f - +0 dagger
rCold   . . .        (no shield)
rNeg    . . .        a - +0 robe
rPois   .            g - +1 hat
rElec   .            u - +0 cloak
rCorr   .            (no gloves)
SInv    .            c - +0 pair of boots
Will    .....        (no amulet)
Stlth   ++           d - +6 ring of intelligence
HPRegen 0.26/turn    (no ring)
MPRegen 0.16/turn

%: no passive effects
@: ice-armoured, freezing walls
A: no striking features
a: no special abilities


You were on level 5 of the Dungeon.
You visited 1 branch of the dungeon, and saw 5 of its levels.

You collected 189 gold pieces.

Inventory:

Hand Weapons
 f - a +0 dagger (weapon)
Missiles
 o - 15 poisoned darts
Armour
 a - a +0 robe (worn)
 c - a +0 pair of boots (worn)
 g - a +1 hat (worn)
 u - a +0 cloak (worn)
Magical Staves
 t - a staff of earth
Jewellery
 d - a +6 ring of intelligence (left hand)
Scrolls
 e - a scroll of acquirement {unknown}
 i - 2 scrolls of brand weapon {unknown}
 j - 3 scrolls of identify {unknown}
 k - a scroll of fog {unknown}
 m - 2 scrolls of enchant weapon {unknown}
 n - a scroll of magic mapping {unknown}
 r - a scroll of immolation {unknown}
Potions
 b - a potion of magic
 h - 3 potions of heal wounds
 l - a potion of curing {unknown}
 p - 2 potions of might {unknown}
 q - a potion of berserk rage {unknown}
 s - a potion of lignification {unknown}


   Skills:
 + Level 0.3 Fighting
 + Level 1.2 Short Blades
 + Level 3.4 Dodging
 + Level 3.3 Stealth
 + Level 6.3 Spellcasting
 + Level 7.2 Ice Magic


You had 11 spell levels left.
You knew the following spells:

 Your Spells              Type           Power      Damage    Failure   Level
a - Freeze                Ice            100%       1d10      1%          1
b - Frozen Ramparts       Ice            98%        1d15      1%          3
c - Ozocubu's Armour      Ice            49%        N/A       1%          3

Your spell library contained the following spells:

 Spells                   Type           Power      Damage    Failure   Level
 Summon Ice Beast         Ice/Summ       29%        N/A       13%         4
 Gell's Gravitas          Tloc           8%         N/A       19%         3
 Teleport Other           Tloc           8%         N/A       19%         3
 Dispersal                Tloc           4%         N/A       100%        6


Dungeon Overview and Level Annotations

Branches:
Dungeon (5/15)
 Temple: D:4-7

Altars:
Ashenzari
Makhleb

Shops:
D:4 (:(

Portals:
Abyss: D:4

Annotations:
D:4 2 transporters, eaglefire's ghost, novice OgCA


Message History

Press: ? - help, Shift-Dir - straight line, f/p - wight
Aim: a wight, wielding a +3 scimitar and wearing a +0 robe (lightly damaged)
You freeze the wight but do no damage.
The wight completely resists.
The wall freezes the centaur.
The centaur wields a +0 shortbow.
The centaur shoots an arrow.
The arrow hits you!
The wight resists.
The wall freezes the wight.
The wight resists.
The wall freezes the wight.
The wight hits you but does no damage.
The wall freezes the centaur.
Casting: Freeze (safe; 1% risk of failure)
Confirm with . or Enter, or press ? or * to list all spells.
A film of ice covers your body!
The wall freezes the wight but does no damage.
The wight closely misses you.
The wight resists.
The wall freezes the wight.
The wight completely misses you.
The wall freezes the centaur!
You kill the centaur!
Your life force feels restored.
You have reached level 7!
Your icy armour and frozen ramparts will break if you move.
Continue?
Okay, then.
Welcome back, HagarQim the Deep Elf Ice Elementalist.
Press ? for a list of commands and other information.
Welcome back, HagarQim the Deep Elf Ice Elementalist.
Press ? for a list of commands and other information.
You barely miss the wight.
The wight is lightly damaged.
The frozen ramparts melt away.
The wight closely misses you. The wight barely misses you.
Cast which spell? (? or * to list)
Casting: Frozen Ramparts (safe; 1% risk of failure)
Press: ? - help, Dir - look around, f - activate The walls around you are covered in ice.
The wight completely resists.
The wall freezes the wight but does no damage.
The wight misses you.
The wight resists.
The wall freezes the wight.
The wight hits you with a +3 scimitar.
You barely miss the wight.
The wight is moderately damaged.
The wight resists.
The wall freezes the wight.
The wight hits you with a +4 war axe!
The wight resists.
The wall freezes the wight.
The wight hits you with a +3 scimitar!
You die...

# ###.#
###<..# #.#
#...###
.....###@###
......)zz#
.......###
......$
...>...
....>..
.......
.......
.......


You could see 2 wights.

Vanquished Creatures
  A centaur (D:5)
  A phantom (D:3)
  A scorpion (D:4)
  A jelly (D:4)
  4 hounds
  A sleepcap (D:4)
  An orc wizard (D:4)
  5 adders
  A gnoll (D:1)
  An ufetubus (D:4)
  A dart slug (D:1)
  6 orcs (D:4)
  2 bats (D:2)
  6 endoplasms
  3 giant cockroaches
  6 goblins
  10 hobgoblins
  A quokka (D:1)
  7 ball pythons
  3 frilled lizards
  7 kobolds
  4 rats
73 creatures vanquished.

Notes
Turn   | Place    | Note
-------+----------+-------------------------------------------
     0 | D:1      | HagarQim the Deep Elf Ice Elementalist began the quest for
                  | the Orb.
     0 | D:1      | Reached XP level 1. HP: 10/10 MP: 6/6
   222 | D:1      | Reached XP level 2. HP: 14/15 MP: 4/8
   300 | D:1      | Reached skill level 5 in Ice Magic
   774 | D:2      | Reached XP level 3. HP: 19/19 MP: 7/9
  1933 | D:3      | Reached XP level 4. HP: 24/24 MP: 7/11
  2400 | D:3      | Found a broken altar of Ashenzari.
  2401 | D:3      | Found a burning altar of Makhleb.
  2593 | D:4      | Learned a level 3 spell: Frozen Ramparts
  2597 | D:4      | Learned a level 3 spell: Ozocubu's Armour
  2615 | D:4      | Reached skill level 6 in Ice Magic
  2699 | D:4      | Reached XP level 5. HP: 25/28 MP: 13/13
  2823 | D:4      | Found a transporter.
  2828 | D:4      | Found a transporter.
  2832 | D:4      | Noticed a small abomination
  2853 | D:4      | Found a one-way gate to the infinite horrors of the Abyss.
  2853 | D:4      | Noticed eaglefire's ghost (novice OgCA)
  2919 | D:4      | Noticed a small abomination
  2971 | D:4      | Found Ceyn Ydurph's Antique Weapon Boutique.
  2982 | D:4      | Found Ruebbed's Book Shop.
  2984 | D:4      | Noticed a phantom
  3009 | D:4      | Found Totyumul's Antique Weapon Boutique.
  3157 | D:3      | Killed a phantom
  3158 | D:3      | Reached skill level 1 in Short Blades
  3158 | D:3      | Reached skill level 5 in Spellcasting
  3158 | D:3      | Reached XP level 6. HP: 17/32 MP: 9/15
  3606 | D:5      | Entered Level 5 of the Dungeon
  3616 | D:5      | Reached skill level 7 in Ice Magic
  3625 | D:5      | Reached XP level 7. HP: 22/37 MP: 8/18
  3627 | D:5      | Slain by a wight

Illustrated notes

Levels and vault maps discovered:
D:1:      roderic_crossed_star, layout_basic, serial_forest,
          infiniplex_forest_clump_tiny, infiniplex_forest_straight_2,
          infiniplex_forest_straight_2, infiniplex_forest_end_1,
          infiniplex_forest_clump_C
D:2:      layout_loops_ring
D:3:      layout_rooms, gammafunk_temple_overflow_statue
D:4:      layout_cave_pools, serial_shops,
          nicolae_shop_competitors_out_of_business, nicolae_shop_crystal, shop,
          gammafunk_ghost_abyssal_escape
D:5:      minmay_diamond_boxcup, layout_rooms, serial_corexii_hall,
          corexii_hall_statues_x, corexii_hall_statues_s

Skill      XL: |  1  2  3  4  5  6 |
---------------+-------------------+-----
Ice Magic      | 5 6 7 |  7.2
Stealth        | 3 |  3.3
Spellcasting   | 4 5 6 |  6.3
Short Blades   | 1 |  1.2
Dodging        | 3 |  3.4
Fighting       | |  0.3

Action                     |  1- 3 |  4- 6 |  7- 9 || total
---------------------------+-------+-------+-------++-------
  Melee: Dagger            |    20 |    74 |     2 ||    96
   Cast: Freeze            |    43 |    40 |       ||    83
         Frozen Ramparts   |       |    10 |     1 ||    11
         Ozocubu's Armour  |       |     6 |       ||     6
    Use: Potion            |       |     4 |       ||     4
   Stab: Sleeping          |     4 |     2 |       ||     6
 Armour: Robe              |    10 |    36 |       ||    46
  Dodge: Dodged            |    28 |    65 |     3 ||    96
